 Dungeon Crawl Stone Soup version 0.20-a0-1089-g3fde505 (webtiles) character file.

53 JeffiDaFish the Grave Robber (level 3, -4/24 HPs)
             Began as a Mummy Necromancer on May 3, 2017.
             Slain by Psyclone's ghost (7 damage)
             ... on level 3 of the Dungeon.
             The game lasted 00:05:01 (1538 turns).

JeffiDaFish the Grave Robber (Mummy Necromancer)    Turns: 1538, Time: 00:05:02

Health: -4/24      AC:  3    Str: 11    XL:     3   Next: 64%
Magic:  4/7        EV: 12    Int: 14    God:
Gold:   86         SH:  0    Dex: 13    Spells: 3/8 levels left

rFire    x . .     SeeInvis .   c - +4 hand axe
rCold    + . .     Gourm    .   (no shield)
rNeg     + + +     Faith    .   a - +1 robe
rPois    ∞         Spirit   .   (no helmet)
rElec    .         Reflect  .   (no cloak)
rCorr    .         Harm     .   (no gloves)
MR       .....                  (no boots)
Stlth    ++........             (no amulet)
Regen    0.1/turn               (no ring)
MPRegen  0.1/turn               (no ring)

@: no status effects
A: no food or potions, fire vulnerability, cold resistance 1, negative energy
resistance 3, torment resistance, unbreathing
a: no special abilities


You were on level 3 of the Dungeon.
You were not hungry.

You visited 1 branch of the dungeon, and saw 3 of its levels.

You collected 86 gold pieces.

Inventory:

Hand Weapons
 c - a +4 hand axe (weapon)
 f - a +0 spear
Armour
 a - a +1 robe (worn)
Jewellery
 d - a cursed ring of teleportation {unknown}
Scrolls
 e - 2 scrolls of identify
 g - a scroll of remove curse
 h - a scroll of amnesia
 i - 2 scrolls of enchant armour
Books
 b - a book of Necromancy

   Spells                             Type                      Level
   a - Pain                           Necromancy                   1
   b - Animate Skeleton               Necromancy                   1
   c - Vampiric Draining              Necromancy                   3
   d - Regeneration                   Charms/Necromancy            3
   e - Animate Dead                   Necromancy                   4
   f - Control Undead                 Necromancy                   4


   Skills:
 + Level 0.2 Fighting
 + Level 0.8 Axes
 + Level 1.9 Dodging
 + Level 1.9 Stealth
 + Level 3.1 Spellcasting
 + Level 4.6 Necromancy


You had 3 spell levels left.
You knew the following spells:

 Your Spells              Type           Power        Failure   Level  Hunger
a - Pain                  Necr           ###.         3%          1    N/A
b - Animate Skeleton      Necr           N/A          3%          1    N/A
c - Vampiric Draining     Necr           ###.......   10%         3    N/A

Dungeon Overview and Level Annotations

Branches:
Dungeon (3/15)

Altars:
Zin

Annotations:
D:3 Psyclone's ghost, amateur DEFE


Innate Abilities, Weirdness & Mutations

You do not eat or drink.
Your flesh is vulnerable to fire.
You are immune to poison.
Your flesh is cold resistant. (rC+)
You are immune to negative energy. (rN+++)
You are immune to unholy pain and torment.
You can survive without breathing.


Message History

You see here 16 gold pieces.
As you read the scroll labeled IBLEKHL ATSI, it crumbles to dust.
It is a scroll of enchant armour.
Your +0 robe glows green for a moment.
Casting: Pain
Confirm with . or Enter, or press ? or * to list all spells.
Aiming: Vampiric Draining
Press: ? - help, Shift-Dir - straight line, f - Psyclone's ghost
Aim: Psyclone's ghost You can't drain life from that!
Casting: Vampiric Draining
Confirm with . or Enter, or press ? or * to list all spells.
Aiming: Vampiric Draining
Press: ? - help, Shift-Dir - straight line, f/p - Psyclone's ghost
Aim: Psyclone's ghost You can't drain life from that!
You barely miss Psyclone's ghost. Psyclone's ghost hits you.
* * * LOW HITPOINT WARNING * * *
You closely miss Psyclone's ghost. Psyclone's ghost hits you!
You die...

#..... #.....#
#.....#
#.....#
#.....#
#.....#
###.....###
........W?##
##....@#..# ##
#.....##W# ..
########$##.#
# #..#.# #..
##.#.#
#....##...#
'........>####
#....###..#..#
#... #..#..#


You could see Psyclone's ghost.

Vanquished Creatures
  6 bats
  3 giant cockroaches (D:1)
  8 goblins
  5 hobgoblins
  2 kobolds (D:1)
  2 quokkas
  2 frilled lizards
  10 rats
38 creatures vanquished.

Vanquished Creatures (collateral kills)
  2 worms (D:2)
  3 bats (D:2)
  A goblin (D:2)
  A frilled lizard (D:2)
  A kobold (D:1)
8 creatures vanquished.

Grand Total: 46 creatures vanquished

Notes
Turn   | Place    | Note
-------+----------+-------------------------------------------
     0 | D:1      | JeffiDaFish the Mummy Necromancer began the quest for the Orb.
     0 | D:1      | Reached XP level 1. HP: 13/13 MP: 4/4
   155 | D:1      | Learned a level 1 spell: Animate Skeleton
   235 | D:1      | Reached XP level 2. HP: 19/19 MP: 0/5
   955 | D:2      | Reached XP level 3. HP: 17/24 MP: 2/7
   962 | D:2      | Learned a level 3 spell: Vampiric Draining
  1216 | D:2      | Found a glowing silver altar of Zin.
  1524 | D:3      | Noticed Psyclone's ghost (amateur DEFE)
  1538 | D:3      | Slain by Psyclone's ghost

Vault maps used:
D:1:      minmay_arrival_four_houses, nrook_mini_vaults
D:2:      overflow_temple_1_default
D:3:      lemuel_zombie_altar_yredelemnul, overflow_temple_1_default,
          first_bread, solitary_fountain, corexii_item_surrounded_by_moat,
          uniq_robin

Skill      XL: |  1  2  3 |
---------------+----------+-----
Spellcasting   | 3 |  3.1
Fighting       | |  0.2
Axes           | |  0.8
Dodging        | |  1.9
Stealth        | |  1.9
Necromancy     | |  4.6

Action                   || total
-------------------------++-------
Melee: Hand axe          ||    51
 Cast: Pain              ||    29
       Animate Skeleton  ||    15
  Use: Scroll            ||     6
 Stab: Sleeping          ||     2
       Distracted        ||     1
Armor: Robe              ||    20
Dodge: Dodged            ||    38
